 Dungeon Crawl Stone Soup version 0.29.0-11-gd7f09526c8 (webtiles) character file.

Game seed: 18107937437074365873

7965 LustLizard the Grappler (level 11, -1/111 HPs)
             Began as a Troll Fighter on Sept 5, 2022.
             Was a Believer of Wu Jian.
             Slain by a yak (9 damage)
             ... on level 9 of the Dungeon.
             The game lasted 00:17:07 (7531 turns).

LustLizard the Grappler (Troll Fighter)             Turns: 7531, Time: 00:17:07

Health: -1/111     AC: -1    Str: 32    XL:     11   Next: 3%
Magic:  19/19      EV: 14    Int:  8    God:    Wu Jian [**....]
Gold:   516        SH:  9    Dex:  9    Spells: 10/10 levels left

rFire   + + +      SeeInvis .     - Unarmed
rCold   . . .      Faith    .   b - +0 kite shield
rNeg    . . .      Spirit   .   R - +2 robe of Beogh's Displeasure {*Corrode rF+++ MP+9 Stlth+}
rPois   .          Reflect  .   (helmet restricted)
rElec   .          Harm     .   o - +0 cloak
rCorr   .          Rampage  .   (gloves unavailable)
Will    .....                   (boots unavailable)
Stlth   ++........              P - amulet of the acrobat
HPRegen 1.08/turn               e - +4 ring of evasion
MPRegen 0.16/turn               g - +6 ring of strength

@: corroded, slowed, very slow
A: large, unfitting armour, claws 3, regeneration 1, shaggy fur 1, tough skin 1
a: Renounce Religion, Wall Jump


You were on level 9 of the Dungeon.
You worshipped Wu Jian.
Wu Jian was pleased with you.
You visited 2 branches of the dungeon, and saw 11 of its levels.

You collected 569 gold pieces.
You spent 53 gold pieces at shops.

Inventory:

Missiles
 d - 95 stones
 r - 6 boomerangs
 y - 20 poisoned darts
 z - an atropa-tipped dart
Armour
 a - a +0 robe
 b - a +0 kite shield (worn)
 o - a +0 cloak (worn)
 C - the +1 robe "Tevvu" {rF+}
   (You found it on level 5 of the Dungeon)

   rF:        It protects you from fire.
 L - +0 steam dragon scales
 R - the +2 robe of Beogh's Displeasure (worn) {*Corrode rF+++ MP+9 Stlth+}
   (You found it on level 9 of the Dungeon)

   rF:        It renders you almost immune to fire.
   MP:        It affects your magic capacity (+9).
   *Corrode:  It may corrode you when you take damage.
   Stlth:     It makes you more stealthy.
Jewellery
 e - a +4 ring of evasion (left claw)
 g - a +6 ring of strength (right claw)
 q - the ring "Ovomifum" {Wiz Str+5}
   (You found it on level 3 of the Dungeon)

   [ring of wizardry]

   It improves your spell success rate.
   Str:       It affects your strength (+5).
 x - a +6 ring of intelligence
 P - an amulet of the acrobat (around neck)
 Q - a ring of wizardry
 S - a ring of see invisible
Wands
 A - a wand of paralysis (16) (quivered)
 F - a wand of light (7)
 I - a wand of digging (5)
 T - a wand of flame (13)
Scrolls
 h - a scroll of silence {unknown}
 i - 2 scrolls of amnesia {unknown}
 l - a scroll of noise {unknown}
 p - a scroll of vulnerability {unknown}
 s - 3 scrolls of immolation
 t - 4 scrolls of poison {unknown}
 u - 2 scrolls of teleportation
 w - 2 scrolls of enchant armour {unknown}
 D - a scroll of fear {unknown}
 E - a scroll of enchant weapon {unknown}
 H - a scroll of blinking {unknown}
 K - 4 scrolls of brand weapon {unknown}
 N - 3 scrolls of identify
Potions
 c - a potion of cancellation
 f - a potion of mutation
 j - 3 potions of invisibility
 k - 3 potions of curing
 m - 2 potions of heal wounds
 n - 2 potions of haste
 v - a potion of degeneration
 B - 2 potions of flight
 G - a potion of lignification {unknown}
 J - 2 potions of ambrosia {unknown}
 M - a potion of magic {unknown}
 O - 2 potions of brilliance {unknown}


   Skills:
 + Level 7.8 Fighting
 + Level 5.2 Dodging
 + Level 8.5 Shields
 * Level 10.6 Unarmed Combat


You had 10 spell levels left.
You didn't know any spells.
Your spell library contained the following spells:

 Spells                   Type           Power      Damage    Failure   Level
 Necrotise                Necr           0%         1d4       63%         1
 Summon Small Mammal      Summ           0%         N/A       63%         1
 Ensorcelled Hibernation  Hex/Ice        0%         N/A       77%         2
 Poisonous Vapours        Pois/Air       0%         N/A       77%         2
 Static Discharge         Conj/Air       0%         3-3/arc   77%         2
 Call Canine Familiar     Summ           0%         N/A       94%         3
 Conjure Flame            Conj/Fire      0%         6-21      94%         3
 Ignite Poison            Fire/Tmut/Pois 0%         N/A       94%         3
 Ozocubu's Armour         Ice            0%         N/A       94%         3
 Spider Form              Tmut/Pois      0%         N/A       94%         3
 Summon Guardian Golem    Hex/Summ       0%         N/A       94%         3
 Vampiric Draining        Necr           0%         2d6       94%         3
 Anguish                  Hex/Necr       0%         N/A       100%        4
 Corpse Rot               Necr/Pois/Air  0%         N/A       100%        4
 Sticky Flame             Conj/Fire      0%         2d3       100%        4
 Agony                    Necr           0%         N/A       100%        5
 Fireball                 Conj/Fire      0%         3d3       100%        5
 Lightning Bolt           Conj/Air       0%         1d11      100%        5
 Metabolic Englaciation   Hex/Ice        0%         N/A       100%        5
 Simulacrum               Ice/Necr       0%         N/A       100%        6
 Starburst                Conj/Fire      0%         6d3       100%        6
 Ignition                 Fire           0%         3d3       100%        8
 Maxwell's Capacitive Co  Air            0%         ∞         100%        8


Dungeon Overview and Level Annotations

Branches:
Dungeon (10/15)            Temple (1/1) D:5
   Lair: D:8-11         Orc: D:9-12

Altars:
Ashenzari
Cheibriados
Dithmenos
Elyvilon
Fedhas
Gozag
Hepliaklqana
Kikubaaqudgha
Makhleb
Nemelex Xobeh
Okawaru
Qazlal
Ru
Sif Muna
Trog
Uskayaw
Vehumet
Wu Jian
Xom
Yredelemnul
Zin
The Shining One

Shops:
D:2 =?   D:3 *(*   D:4 =*

Annotations:
D:7 exclusion: downstairs
D:8 2 transporters, Adrian566's ghost, novice DsBr


Innate Abilities, Weirdness & Mutations

You are too large for most types of armour.
You have claws for hands.
Your natural rate of healing is unusually fast.
You are covered in fur. (AC +1)
You have tough skin. (AC +1)


Message History

The wraith hits you but does no damage. The yak gores you!
The yak gores you but does no damage. The yak closely misses you.
You block the yak's attack. The wraith hits you! The wraith drains your vigour!
You feel yourself slow down.
There is a stone staircase leading up, spattered with blood here.
The centaur shoots an arrow.
The arrow misses you.
The arrow barely misses the yak.
The yak gores you! The yak gores you. You block the wraith's attack.
The centaur shoots an arrow.
The arrow hits you!
Your corrosive artefact corrodes you!
You climb upwards.
There is a stone staircase leading down here.
You claw the wraith!
The wraith is moderately damaged.
You block the wraith's attack. You block the yak's attack. The yak gores you.
The yak closely misses you. The yak gores you. You block the wraith's attack.
You claw the wraith!
The wraith is heavily damaged.
The wraith misses you. You block the yak's attack. The yak gores you.
Your corrosive artefact corrodes you!
You scratch the wraith but do no damage.
The wraith is heavily damaged.
The wraith hits you! The wraith drains your vigour!
You feel as though you will be slow longer.
The yak closely misses you. x2; The wraith misses you.
You block the yak's attack. The yak gores you!
You claw the wraith!
The wraith is severely damaged.
The wraith closely misses you. The yak gores you!
* * * LOW HITPOINT WARNING * * *
You block the yak's attack.
You scratch the wraith.
The wraith is severely damaged.
The wraith hits you!
* * * LOW HITPOINT WARNING * * *
The wraith drains your vigour!
You feel as though you will be slow longer.
The yak gores you!
* * * LOW HITPOINT WARNING * * *
You block the yak's attack. The yak gores you!
You die...

#.# #..# #####.## #.#
#..############....##
#.########....................
#...............†........~..~.
#.##########...######.)..S..≈S
#.# #...# #....~≈~≈~ #.# #...#
#..~..≈≈~~
#.##########..Y######....~≈≈..
#............Y@........~~.≈≈~.
#.............†W........≈S~S..
#..##########............~≈≈~.
#..##########...........~≈≈≈.~
#.......................~≈≈≈≈~
#......................~~~≈≈≈
#.#############^.......~..~≈≈
#.# #.#####.~....~≈ #.#
#.#####......~~


You could see 2 yaks and a wraith.

Vanquished Creatures
  A two-headed ogre (D:9)
  Maurice (D:8)
  Prince Ribbit (D:6)
  Sigmund (D:6)
  A shadow (D:9)
  A wraith (D:9)
  A vampire (D:9)
  10 yaks (D:9)
  A steam dragon (D:7)
  A vampire mosquito (D:6)
  Menkaure (D:6)
  Edmund (D:6)
  A water moccasin (D:7)
  Duvessa (D:7)
  5 ice beasts
  An orc warrior (D:6)
  2 black bears
  3 ogres
  2 wolves (D:9)
  2 sky beasts (D:6)
  5 centaurs
  6 bullfrogs
  A kobold brigand (D:5)
  2 necrophages (D:6)
  4 scorpions
  Dowan (D:7)
  7 wights
  7 killer bees (D:7)
  A howler monkey (D:7)
  3 orc priests
  8 hounds
  2 gnoll boudas
  Terence (D:2)
  7 iguanas
  3 orc wizards
  9 gnolls
  5 adders
  A white imp (D:5)
  2 ufetubi
  2 worms (D:2)
  2 dart slugs (D:4)
  16 orcs
  6 endoplasms
  4 giant cockroaches (D:2)
  6 goblins
  4 hobgoblins
  8 jackals
  3 quokkas
  6 ball pythons
  4 bats
  4 frilled lizards
  26 kobolds
  6 rats
210 creatures vanquished.

Vanquished Creatures (others)
  27 plants
27 creatures vanquished.

Grand Total: 237 creatures vanquished

Notes
Turn   | Place    | Note
-------+----------+-------------------------------------------
     0 | D:1      | LustLizard the Troll Fighter began the quest for the Orb.
     0 | D:1      | Reached XP level 1. HP: 22/22 MP: 0/0
   281 | D:1      | Reached XP level 2. HP: 28/29 MP: 1/1
   847 | D:2      | Reached XP level 3. HP: 33/36 MP: 2/2
   894 | D:2      | Found a faded altar of an unknown god.
  1017 | D:2      | Found Fammen's Magic Scroll Boutique.
  1025 | D:2      | Bought a scroll of identify for 28 gold pieces
  1233 | D:2      | Noticed Terence
  1248 | D:2      | Killed Terence
  1249 | D:2      | Reached skill level 3 in Unarmed Combat
  1249 | D:2      | Reached XP level 4. HP: 27/45 MP: 3/3
  1373 | D:2      | Found Kilaff's One-of-a-Kind Rings.
  1629 | D:3      | Identified the ring "Ovomifum" {Wiz Str+5}
  1654 | D:3      | Found Zin's Purification Station.
  1654 | D:3      | Found a glowing silver altar of Zin.
  1765 | D:3      | Found Qumipur's Assorted Antiques.
  1778 | D:3      | Bought a scroll labelled ATAOVU NOHU for 25 gold pieces
  1965 | D:3      | Found Guod's Antique Weapon Shop.
  2032 | D:3      | Found a radiant altar of Vehumet.
  2234 | D:4      | Found Pefrilae's Elemental Accessories.
  2249 | D:3      | Reached XP level 5. HP: 19/53 MP: 4/4
  2872 | D:4      | Noticed an ogre
  2879 | D:4      | Killed an ogre
  2880 | D:4      | Reached skill level 4 in Unarmed Combat
  2880 | D:4      | Reached XP level 6. HP: 22/62 MP: 5/5
  3056 | D:4      | Found Modinude's Jewellery Boutique.
  3283 | D:5      | Entered Level 5 of the Dungeon
  3298 | D:5      | Reached XP level 7. HP: 70/70 MP: 6/6
  3499 | D:5      | Reached skill level 5 in Shields
  3499 | D:5      | Reached skill level 5 in Unarmed Combat
  3512 | D:5      | Identified the +1 robe "Tevvu" {rF+}
  3780 | D:5      | Found a staircase to the Ecumenical Temple.
  3789 | Temple   | Entered the Ecumenical Temple
  3789 | Temple   | Noticed a green death
  3789 | Temple   | Noticed a green death
  3790 | Temple   | Noticed Refiwa the pandemonium lord
  3791 | Temple   | Noticed a smoke demon
  3791 | Temple   | Noticed Yruinemm the pandemonium lord
  3792 | Temple   | Noticed a Tzitzimitl
  3795 | Temple   | Noticed a smoke demon
  3795 | Temple   | Noticed Pyanar the pandemonium lord
  3795 | Temple   | Noticed a soul eater
  3796 | Temple   | Noticed a sixfirhy
  3823 | Temple   | Noticed Luojien the pandemonium lord
  3842 | Temple   | Noticed Qissolum the pandemonium lord
  3842 | Temple   | Noticed a reaper
  3843 | Temple   | Noticed a blizzard demon
  3843 | Temple   | Noticed an orange demon
  3870 | Temple   | Noticed a hell beast
  3870 | Temple   | Noticed a Tzitzimitl
  3870 | Temple   | Noticed Aveentor the pandemonium lord
  3917 | D:5      | Reached skill level 5 in Fighting
  3921 | D:5      | Reached XP level 8. HP: 72/80 MP: 7/7
  4242 | D:5      | Reached skill level 6 in Unarmed Combat
  4429 | D:6      | Noticed Prince Ribbit
  4479 | D:6      | Killed Prince Ribbit
  4480 | D:6      | Reached skill level 7 in Unarmed Combat
  4552 | D:6      | Reached XP level 9. HP: 76/89 MP: 8/8
  4698 | D:6      | Noticed Sigmund
  4706 | D:6      | Killed Sigmund
  4731 | D:6      | Noticed Menkaure
  4734 | D:6      | Killed Menkaure
  4755 | D:6      | Noticed Edmund
  4764 | D:6      | Killed Edmund
  4983 | D:6      | Found an iron altar of Okawaru.
  5088 | D:7      | Found an ornate altar of the Wu Jian Council.
  5089 | D:7      | Found a basalt altar of Yredelemnul.
  5092 | D:7      | Became a worshipper of the Wu Jian Council
  5200 | D:7      | Found a shadowy altar of Dithmenos.
  5201 | D:7      | Found a hide-covered altar of Uskayaw.
  5204 | D:7      | Found a stormy altar of Qazlal.
  5307 | D:7      | Reached skill level 8 in Unarmed Combat
  5364 | D:7      | Reached * piety under Wu Jian
  5482 | D:7      | Noticed Duvessa
  5482 | D:7      | Noticed Dowan
  5498 | D:7      | Killed Duvessa
  5512 | D:7      | Killed Dowan
  5533 | D:7      | Found a burning altar of Makhleb.
  5674 | D:7      | Reached XP level 10. HP: 100/100 MP: 9/9
  5692 | D:7      | Reached skill level 9 in Unarmed Combat
  5748 | D:8      | Noticed Maurice
  5953 | D:8      | Killed Maurice
  5975 | D:8      | Found a sparkling altar of Nemelex Xobeh.
  6120 | D:8      | Found a transporter.
  6121 | D:8      | Found a transporter.
  6200 | D:8      | Identified the +5 buckler of a Hundred Demons {rPois Int+3}
  6228 | D:8      | Noticed Adrian566's ghost (novice DsBr)
  6443 | D:9      | Identified the +2 robe of Beogh's Displeasure {*Corrode
                  | rF+++ MP+9 Stlth+}
  6912 | D:9      | Reached skill level 10 in Unarmed Combat
  6930 | D:9      | Reached ** piety under Wu Jian
  6981 | D:9      | Reached skill level 5 in Dodging
  7007 | D:9      | Noticed a two-headed ogre
  7233 | D:9      | Killed a two-headed ogre
  7400 | D:9      | Reached XP level 11. HP: 53/110 MP: 10/10
  7479 | D:10     | Entered Level 10 of the Dungeon
  7531 | D:9      | Slain by a yak

Illustrated notes

Levels and vault maps discovered:
D:1:      minmay_arrival_checkered_box, layout_basic,
          nicolae_concentric_dashed_squares_wild
D:2:      layout_loops_ring, hellmonk_ecumenical_altar_dog_temple, serial_shops,
          shop_fountains, nicolae_shop_unique_rings, kennysheep_generic_room_10,
          uniq_terence
D:3:      layout_loops_ring, zin_purify, mainiacjoe_overflow_six_doors_small,
          serial_shops, nicolae_shop_window_shopping, nicolae_shop_behind_doors,
          chequers_avenue, kennysheep_generic_room_12
D:4:      nicolae_BIG_FREAKIN_CUBE, layout_basic, serial_shops,
          nicolae_stop_n_shop_1, corexii_hall_statues_t, minmay_misc_feat_alley,
          nicolae_elemental_shop
D:5:      kennysheep_kobold_camp, layout_cave_pools,
          minmay_temple_entry_statues_pillars
D:6:      hangedman_cross_stitches, layout_loops_cross, kennysheep_little_box,
          uniq_sigmund, uniq_prince_ribbit1, uniq_menkaure, uniq_edmund
D:7:      layout_rooms, chequers_temple_overflow_minitemple,
          mainiacjoe_overflow_catwalk, uniq_duvessa
D:8:      layout_basic, lemuel_crystal_altar, gammafunk_ghost_gnarly_gnolls,
          uniq_maurice
D:9:      layout_long_grid, erik_lair_island, minmay_puff
D:10:     layout_rooms, serial_shops, nicolae_lakefront_shop
Temple:   nicolae_temple_panitentiary

Skill      XL: |  1  2  3  4  5  6  7  8  9 10 |
---------------+-------------------------------+-----
Shields        | 3 4 5 6 7 8 |  8.5
Fighting       | 3 4 5 6 7 |  7.8
Unarmed Combat | 3 4 5 7 8 10 | 10.6
Dodging        | 3 5 |  5.2

Action                   |  1- 3 |  4- 6 |  7- 9 | 10-12 || total
-------------------------+-------+-------+-------+-------++-------
Melee: Unarmed           |   100 |   127 |   284 |   145 ||   656
Throw: Dart              |       |    10 |       |     2 ||    12
       Stone             |       |     1 |       |       ||     1
       Boomerang         |       |       |     3 |       ||     3
Invok: Lunge             |       |       |     6 |    10 ||    16
       Whirlwind         |       |       |       |     3 ||     3
Evoke: Wand              |       |       |       |     1 ||     1
  Use: Scroll            |     3 |       |     5 |     3 ||    11
       Potion            |       |       |     1 |       ||     1
 Stab: Sleeping          |       |     1 |       |     1 ||     2
Armor: Robe              |    26 |    23 |    74 |    12 ||   135
       Steam dragon scal |       |       |       |     4 ||     4
Dodge: Dodged            |    50 |    61 |   149 |    96 ||   356
Block: Kite shield       |    39 |    66 |   136 |    67 ||   308
